cohdb
Replays
Latest Replays
All Replays
Popular Replays
Top Player Replays
Match Explorer
How It Works
Community
CoH3 Stats
Reddit
Sign in to upload your games and track your stats! →
Sign in with Steam
Match 46989753
Unlisted
Match 46989753
Overview
Messages
Build Orders
End
Construct Infanterie Kompanie
Selects Terror Battlegroup
Selects Machine Gun Camouflage
MG 42 Machine Gun Team
MG 42 Machine Gun Team
GrW 34 Mortar Team
MG 42 Machine Gun Team
Grenadier Squad
Medical Station
Construct Panzergrenadier Kompanie
Pak 40 Anti-tank Gun Team
Support Elements
Panzergrenadier Squad
Nebelwerfer 42 Rocket Launcher Team
Construct Luftwaffe Kompanie
Panzergrenadier Officer Quarters
Infanterie Officer Quarters
Nebelwerfer 42 Rocket Launcher Team
Selects No Quarter
Construct Panzer Kompanie
Panzer IV Medium Tank
Panzer Officer Quarters
Side Skirts
Selects Contempt for the Weak
Selects Jericho Trumpet
Jericho Trumpet
Selects V1 Rocket Strike
V1 Rocket Strike
Imperiale
Herogus3xD
Bananenratte
ShiningBolt
Minimizen
-=GX=-
0
0
Comments
sign in to comment!
No comments posted yet!